AoeStats
← fbilla94

Four Lakes

510219249Analyzed
1v1 RM · 2d ago on Sep 30, 2026· 36m 33s· 2 players
Game mode
Random Map
Map size
Tiny (2 player)
Population
200
Speed
Normal
Resources
Standard
Victory
Conquest
Starting age
Dark Age
Ending age
Imperial Age
RankedLock teamsTeams togetherTeam positionsShared explorationLock speedFull tech treeHidden civsTurbo modeCheats
Victory
Defeat
🇲🇽 Varangians · Mexico
849
+16
🇨🇱 Lithuanians · Chile
851
-16
Van
5:23 Loom
10:39 Feudal Age
11:43 Double-Bit Axe
12:52 Fishing Lines
12:52 Man-at-Arms
15:21 Forging
19:12 Castle Age
18:13 Stone Mining
19:16 Bloodlines
19:39 Scale Barding Armor
21:14 Iron Casting
23:12 Bow Saw
25:57 Horse Collar
27:26 Husbandry
27:48 Chain Barding Armor
28:46 Heavy Plow
31:26 Devotion
31:51 Fletching
33:07 Wheelbarrow
33:03 Fervor
34:12 Bodkin Arrow
39:26 Imperial Age
fbilla94
4:05 Loom
10:12 Feudal Age
12:52 Wheelbarrow
12:03 Town Watch
19:34 Castle Age
17:48 Horse Collar
19:36 Arson
21:46 Pikeman
23:47 Fletching
23:58 Padded Archer Armor
23:40 Elite Skirmisher
24:44 Fishing Lines
27:42 Thumb Ring
28:40 Hand Cart
28:59 Town Patrol
30:13 Forging
30:04 Scale Mail Armor
34:12 Bloodlines
34:03 Husbandry
Connection lost

Rejoining the realm…

Still unreachable

The connection could not be restored.

Session expired

The server has moved on; the page needs a fresh start.